 Dungeon Crawl Stone Soup version 0.28.0-1-gb440e238dd (webtiles) character file.

Game seed: 17764003381889621617

1202 spaghetti the Caller (level 8, -4/78 HPs)
             Began as a Demonspawn Summoner on Feb 20, 2022.
             Was an Initiate of Ashenzari.
             Slain by Duvessa (9 damage)
             ... on level 6 of the Dungeon.
             The game lasted 00:17:16 (6302 turns).

spaghetti the Caller (Demonspawn Summoner)          Turns: 6302, Time: 00:17:17

Health: -4/78      AC: 24    Str:  9    XL:     8   Next: 21%
Magic:  5/14       EV:  2    Int: 18    God:    Ashenzari [......]
Gold:   138        SH:  0    Dex: 14    Spells: 4/15 levels left

rFire   . . .      SeeInvis .   q - +1 dagger (venom)
rCold   . . .      Faith    .   (no shield)
rNeg    . . .      Spirit   .   (armour currently unavailable)
rPois   +          Reflect  .   (helmet currently unavailable)
rElec   .          Harm     .   (cloak currently unavailable)
rCorr   .          Rampage  .   (gloves currently unavailable)
Will    .....      NoTele   +   (boots currently unavailable)
Stlth   ++........              (no amulet)
HPRegen 0.23/turn               (no ring)
MPRegen 0.28/turn               (no ring)

@: tree-form
A: stationary, stasis, torment immunity, boosted hp, repulsion field 2, magic
regeneration, (weakness stinger 1)
a: Renounce Religion, Shatter the Chains


You were on level 6 of the Dungeon.
You worshipped Ashenzari.
Ashenzari was noncommittal.
You were a tree.
You visited 1 branch of the dungeon, and saw 6 of its levels.

You collected 138 gold pieces.

Inventory:

Hand Weapons
 a - a +3 dagger of protection
 b - a +0 hunting sling
 h - a +1 hand axe of venom
 i - a +0 morningstar
 q - a +1 dagger of venom (weapon)
Missiles
 d - 124 stones (quivered)
 f - 12 poisoned darts
Armour
 c - a +0 robe
 e - a scarf of repulsion
 g - the cursed +1 cloak "Per Aspera Ad Scientiam" (melded) {Evo, Cun}
   (You found it on level 1 of the Dungeon)

   It has a curse which improves the following skills: Evocations: Evocations.
   Cunning:   Dodging and Stealth.
 j - a +0 pair of gloves (melded)
 m - a +3 ring mail (melded)
Jewellery
 l - a ring of poison resistance
Wands
 p - a wand of iceblast (2)
Scrolls
 o - a scroll of teleportation
Potions
 k - a potion of cancellation


   Skills:
 - Level 5.0 Dodging
 - Level 1.7 Stealth
 - Level 4.0 Spellcasting
 + Level 7.2 Summonings
 + Level 4.5 Necromancy


You had 4 spell levels left.
You knew the following spells:

 Your Spells              Type           Power      Damage    Failure   Level
a - Summon Small Mammal   Summ           100%       N/A       1%          1
b - Call Imp              Summ           29%        N/A       1%          2
c - Call Canine Familiar  Summ           29%        N/A       2%          3
d - Agony                 Necr           19%        N/A       54%         5

Your spell library contained the following spells:

 Spells                   Type           Power      Damage    Failure   Level
 Pain                     Necr           76%        1d7       2%          1
 Summon Guardian Golem    Hex/Summ       16%        N/A       10%         3
 Summon Lightning Spire   Summ/Air       16%        N/A       32%         4
 Excruciating Wounds      Necr           9%         N/A       54%         5


Dungeon Overview and Level Annotations

Branches:
Dungeon (6/15)
 Temple: D:4-7

Altars:
Ashenzari
Hepliaklqana
Qazlal
Ru
Vehumet
Xom
Zin

Portals:
Sewer: D:6

Annotations:
D:5 Eustachio
D:6 exclusion: centaur, Duvessa


Innate Abilities, Weirdness & Mutations

You are a tree.
Your roots penetrate the ground, keeping you stationary.
You cannot be teleported.
You are immune to unholy pain and torment.
Your maximum health is greatly increased.
Your equipment is partially melded.
You are surrounded by a moderate repulsion field. (EV +3)
You regenerate magic rapidly.
((You have a small tail.))


Message History

Duvessa hits your crimson imp with a +2 rapier of speed!
Your crimson imp dies!
Your crimson imp disappears in a puff of smoke!
Your quokka closely misses Duvessa.
Duvessa hits you with a +2 rapier of speed!
Your hound bites Duvessa but does no damage.
Your quokka closely misses Duvessa.
Duvessa hits you with a +2 rapier of speed!
You hit Duvessa but do no damage.
Duvessa looks as sick as possible!
Duvessa is heavily wounded.
Your quokka bites Duvessa but does no damage.
Your hound misses Duvessa.
Duvessa hits you with a +2 rapier of speed!!
* * * LOW HITPOINT WARNING * * *
Your quokka bites Duvessa.
Duvessa hits you but does no damage.
Your quokka bites Duvessa.
Your hound bites Duvessa.
You hit Duvessa but do no damage.
Duvessa looks as sick as possible!
Duvessa is severely wounded.
Duvessa hits you with a +2 rapier of speed.
* * * LOW HITPOINT WARNING * * *
Your quokka bites Duvessa.
Your hound completely misses Duvessa.
Duvessa hits you with a +2 rapier of speed!
* * * LOW HITPOINT WARNING * * *
Your quokka closely misses Duvessa.
Unknown command.
Aiming: Iceblast
Press: ? - help, Shift-Dir - straight line, f - quokka
Aim: a quokka (summoned, friendly) Really fire at your quokka?
The mass of ice explodes!
The iceblast engulfs your quokka!
You kill your quokka!
Your quokka's corpse disappears in a puff of smoke!
The iceblast engulfs Duvessa!
Duvessa is almost dead.
The iceblast engulfs your quokka!!
You kill your quokka!
Your quokka's corpse disappears in a puff of smoke!
You hear a shout!
Duvessa hits you with a +2 rapier of speed!
You die...

#.........######.###...≈≈
#..._...### ##.# #.....
###....######....#
.######..###.....#.## .
.#..[..†......# ...##..
.#.####..####.# ......
.#†## #..####.###.h.#
..†.####.........e§###.#
.......#.######.♣.§.....
...§##.#.## #.........
.#.###....# #...≈≈≈...
.#.###.###.# #..≈≈≈≈≈..
.#..#.## #. #..≈≈∩≈≈..
.##§#.# <. ...≈≈≈≈≈..
#.#5## ###...≈≈≈...
.##.##.###.# #.........
..........#


You could see Duvessa (berserk, extremely poisoned, ally target) and a friendly
hound (summoned).

Vanquished Creatures
  2 lemures (D:6)
  4 killer bees (D:6)
  2 hounds
  A gnoll (D:1)
  An adder (D:5)
  A howler monkey skeleton (D:5)
  A dart slug (D:1)
  10 orcs
  4 endoplasms
  2 giant cockroaches (D:3)
  3 goblins
  4 hobgoblins
  3 jackals (D:1)
  2 quokkas
  7 ball pythons
  3 bats (D:1)
  A frilled lizard (D:1)
  3 kobolds
  3 rats
57 creatures vanquished.

Vanquished Creatures (collateral kills)
  Grinder (D:6)
  A hornet zombie (D:5)
  2 necrophages
  A lemure (D:6)
  Dowan (D:6)
  A killer bee (D:6)
  A howler monkey (D:5)
  A jelly (D:5)
  2 orc priests
  Jessica (D:3)
  2 orc wizards
  4 adders
  A howler monkey skeleton (D:6)
  A river rat (D:6)
  2 worms
  A dart slug (D:3)
  11 orcs
  An endoplasm (D:2)
  2 giant cockroaches
  3 goblins
  3 hobgoblins
  A quokka (D:5)
  4 ball pythons
  A frilled lizard (D:2)
  2 kobolds
  A rat (D:6)
52 creatures vanquished.

Vanquished Creatures (others)
  An orc wizard (D:3)
  2 fungi (D:6)
3 creatures vanquished.

Grand Total: 112 creatures vanquished

Notes
Turn   | Place    | Note
-------+----------+-------------------------------------------
     0 | D:1      | spaghetti the Demonspawn Summoner began the quest for the
                  | Orb.
     0 | D:1      | Reached XP level 1. HP: 13/13 MP: 3/3
   437 | D:1      | Gained mutation: You are surrounded by a mild repulsion
                  | field. (EV +2) [demonic ancestry]
   437 | D:1      | Reached XP level 2. HP: 19/19 MP: 2/5
   858 | D:1      | Reached XP level 3. HP: 24/24 MP: 7/7
   861 | D:1      | Learned a level 2 spell: Call Imp
   865 | D:1      | Learned a level 3 spell: Call Canine Familiar
  1772 | D:2      | Gained mutation: You regenerate magic rapidly. [demonic
                  | ancestry]
  1772 | D:2      | Reached XP level 4. HP: 22/30 MP: 10/10
  2229 | D:2      | Found a faded altar of an unknown god.
  2236 | D:2      | Prayed at the altar of an unknown god.
  2236 | D:2      | Became a worshipper of Ashenzari the Shackled
  2436 | D:3      | Reached XP level 5. HP: 35/35 MP: 11/11
  3047 | D:3      | Noticed Jessica
  3060 | D:3      | Killed Jessica
  3521 | D:3      | Found a hazy altar of Hepliaklqana.
  3522 | D:3      | Found a radiant altar of Vehumet.
  3642 | D:4      | Noticed an orc warrior
  3995 | D:4      | HP: 1/35 [orc warrior (7)]
  4473 | D:5      | Entered Level 5 of the Dungeon
  4714 | D:5      | Noticed a necrophage
  4740 | D:5      | Killed a necrophage
  4741 | D:5      | Reached XP level 6. HP: 41/41 MP: 8/12
  4764 | D:5      | Noticed Eustachio
  5133 | D:5      | Reached skill level 5 in Dodging
  5205 | D:5      | Reached skill level 5 in Summonings
  5232 | D:5      | Gained mutation: You are surrounded by a moderate repulsion
                  | field. (EV +3) [demonic ancestry]
  5232 | D:5      | Reached XP level 7. HP: 15/46 MP: 4/13
  5481 | D:5      | Learned a level 5 spell: Agony
  5635 | D:5      | Found a stormy altar of Qazlal.
  5790 | D:6      | Found a shimmering altar of Xom.
  5793 | D:6      | Found a sacrificial altar of Ru.
  5859 | D:6      | Reached skill level 1 in Necromancy
  5993 | D:6      | Noticed Dowan
  5995 | D:6      | Reached skill level 6 in Summonings
  6040 | D:6      | Killed Dowan
  6232 | D:6      | Found a glowing drain.
  6232 | D:6      | Noticed Grinder
  6246 | D:6      | Paralysed by Grinder for 3 turns
  6267 | D:6      | Gained mutation: You have a small tail. [demonic ancestry]
  6267 | D:6      | Reached XP level 8. HP: 52/52 MP: 8/14
  6272 | D:6      | Paralysed by Grinder for 6 turns
  6284 | D:6      | Noticed Duvessa
  6289 | D:6      | Killed Grinder
  6290 | D:6      | Reached skill level 7 in Summonings
  6302 | D:6      | Slain by Duvessa

Illustrated notes

Levels and vault maps discovered:
D:1:      dpeg_arrival_rhombus, layout_loops_corners, minmay_tromino_v4_c
D:2:      layout_rooms, dilly_ecumenical_altar_fadedgnrine
D:3:      layout_loops_ring, mainiacjoe_overflow_alcove_2,
          gammafunk_temple_overflow_statue, uniq_jessica
D:4:      layout_basic, minmay_temple_entry_proselytizer, serial_glass,
          glass_columns_c, glass_columns_a, uniq_menkaure
D:5:      layout_basic, overflow_temple_1_default, uniq_eustachio
D:6:      layout_loops_ring, grunt_temple_overflow_open, portal_sewer_entry_a,
          kb_lookout_dungeons_type, uniq_grinder, uniq_pikel, uniq_duvessa,
          uniq_crazy_yiuf_cottage

Skill      XL: |  1  2  3  4  5  6  7  8 |
---------------+-------------------------+-----
Spellcasting   | 3 4 |  4.0
Dodging        | 3 4 5 |  5.0
Summonings     | 5 6 7 |  7.2
Necromancy     | 3 4 |  4.5
Stealth        | |  1.7

Action                   |  1- 3 |  4- 6 |  7- 9 || total
-------------------------+-------+-------+-------++-------
Melee: Dagger            |   101 |    84 |    30 ||   215
       Punch             |     2 |       |       ||     2
       Hand axe          |       |    32 |    26 ||    58
 Fire: Hunting sling     |       |    12 |       ||    12
Throw: Stone             |       |       |     1 ||     1
 Cast: Summon Small Mamm |    12 |    16 |     8 ||    36
       Call Canine Famil |     2 |    28 |    14 ||    44
       Call Imp          |       |    28 |     9 ||    37
Invok: Curse Item        |       |       |     1 ||     1
Evoke: Wand              |       |       |     3 ||     3
  Use: Scroll            |     4 |     5 |       ||     9
       Potion            |       |     5 |     2 ||     7
 Stab: Distracted        |     2 |     2 |     2 ||     6
       Sleeping          |       |     4 |     1 ||     5
Armor: Robe              |    29 |    24 |       ||    53
       Ring mail         |       |    38 |    25 ||    63
       Skin              |       |       |     9 ||     9
Dodge: Dodged            |    75 |   137 |    47 ||   259
